AoeStats
← IdliDosa

MegaRandom

509138784Analyzed
4v4 RM · 6d ago on Sep 25, 2026· 48m 39s· 8 players
Game mode
Random Map
Map size
Large (8 player)
Population
200
Speed
Normal
Resources
Standard
Victory
Conquest
Starting age
Dark Age
Ending age
Imperial Age
RankedLock teamsTeams togetherTeam positionsShared explorationLock speedFull tech treeHidden civsTurbo modeCheats
Victory
Defeat
🇭🇰 Franks · Hong Kong SAR China
1477
+7
🇲🇴 Gurjaras · Macao SAR China
1219
+17
🇮🇳 Danes · India
1198
+18
🇲🇴 Berbers · Macao SAR China
1112
+22
🇭🇰 Wu · Hong Kong SAR China
1253
-16
🇮🇳 Byzantines · India
1245
-16
🇮🇳 Japanese · India
1245
-16
🇭🇰 Ethiopians · Hong Kong SAR China
1240
-16
S.H.E
0:37 Loom
9:34 Feudal Age
10:13 Double-Bit Axe
12:29 Fletching
13:11 Padded Archer Armor
14:18 Horse Collar
18:29 Gold Mining
23:23 Castle Age
24:20 Wheelbarrow
23:57 Crossbowman
24:34 Bodkin Arrow
24:54 Leather Archer Armor
26:58 Scale Mail Armor
29:37 Chain Mail Armor
32:58 Squires
33:13 Forging
38:27 Imperial Age
36:50 Elite Skirmisher
37:35 Thumb Ring
37:48 Hand Cart
39:29 Ballistics
41:24 Chemistry
40:20 Arbalester
41:02 Halberdier
41:51 Town Watch
43:15 Masonry
43:08 Bracer
43:39 Ring Archer Armor
46:39 Plate Mail Armor
46:47 Iron Casting
47:38 Conscription
Rudolf
0:34 Loom
9:00 Feudal Age
9:33 Double-Bit Axe
9:29 Horse Collar
13:39 Forging
23:00 Castle Age
21:20 Gold Mining
22:57 Bloodlines
25:08 Bow Saw
24:59 Heavy Plow
25:04 Husbandry
27:10 Scale Barding Armor
27:46 Wheelbarrow
31:21 Pikeman
34:43 Hand Cart
40:00 Chain Barding Armor
40:02 Town Watch
43:48 Imperial Age
41:57 Chain Barding Armor
42:06 Stone Mining
42:54 Iron Casting
42:21 Scale Mail Armor
43:08 Squires
45:07 Plate Barding Armor
43:57 Heavy Hei Guang Cavalry
44:31 Halberdier
47:03 Two-Man Saw
46:35 Chain Mail Armor
47:20 Blast Furnace
46:11 Fletching
49:05 Conscription
CyberAthlete
0:44 Loom
10:25 Feudal Age
14:48 Castle Age
13:38 Stone Mining
13:40 Gold Mining
14:17 Double-Bit Axe
14:19 Horse Collar
22:39 Pikeman
27:24 Scale Mail Armor
28:49 Squires
30:32 Town Watch
34:23 Arson
39:20 Wheelbarrow
39:00 Bow Saw
41:25 Town Patrol
41:45 Hand Cart
45:31 Imperial Age
46:13 Gold Shaft Mining
45:42 Heavy Plow
46:09 Chain Mail Armor
46:04 Forging
46:37 Kataparuto
49:18 Chemistry
49:41 Plate Mail Armor
49:46 Iron Casting
Aka1412
0:35 Loom
10:39 Feudal Age
14:35 Castle Age
13:15 Double-Bit Axe
20:37 Elite Skirmisher
28:24 Fletching
30:06 Horse Collar
31:12 Bodkin Arrow
33:43 Padded Archer Armor
36:29 Pikeman
39:37 Wheelbarrow
39:48 Ballistics
40:19 Crossbowman
45:25 Imperial Age
44:46 Bow Saw
45:05 Leather Archer Armor
45:21 Squires
47:42 Chemistry
kenny yip
5:32 Loom
8:16 Feudal Age
9:48 Double-Bit Axe
12:41 Wheelbarrow
16:37 Scale Barding Armor
18:08 Forging
23:33 Castle Age
21:52 Gold Mining
24:52 Iron Casting
24:20 Husbandry
23:43 Light Cavalry
24:37 Bow Saw
27:12 Chain Barding Armor
30:56 Town Watch
37:40 Stone Mining
38:25 Gold Shaft Mining
41:01 Imperial Age
38:42 Herbal Medicine
41:15 Hand Cart
42:45 Blast Furnace
41:17 Cavalier
42:53 Plate Barding Armor
43:55 Paladin
46:39 Fletching
47:46 Conscription
danielchanlam
7:18 Loom
9:54 Feudal Age
13:45 Bloodlines
21:36 Castle Age
21:40 Wheelbarrow
21:03 Double-Bit Axe
31:50 Husbandry
39:46 Scale Barding Armor
45:13 Horse Collar
47:10 Forging
47:32 Gold Mining
EddieLooo
5:14 Loom
9:16 Feudal Age
19:37 Castle Age
18:39 Horse Collar
18:46 Double-Bit Axe
25:56 Fletching
27:04 Bodkin Arrow
31:13 Padded Archer Armor
34:26 Leather Archer Armor
34:30 Gold Mining
36:47 Thumb Ring
45:48 Imperial Age
46:32 Bracer
47:23 Ring Archer Armor
48:16 Capped Ram
IdliDosa
0:37 Loom
8:53 Feudal Age
9:24 Double-Bit Axe
10:00 Horse Collar
13:34 Wheelbarrow
15:12 Forging
15:08 Scale Barding Armor
21:25 Castle Age
19:27 Gold Mining
21:03 Bloodlines
21:55 Fletching
22:44 Thumb Ring
23:45 Husbandry
23:52 Bodkin Arrow
24:42 Ballistics
25:36 Padded Archer Armor
26:36 Hand Cart
26:55 Heavy Plow
27:11 Bow Saw
27:58 Leather Archer Armor
30:23 Gold Shaft Mining
29:38 Stone Mining
33:29 Squires
33:14 Arson
33:31 Scale Mail Armor
34:06 Iron Casting
36:16 Town Watch
37:25 Chain Mail Armor
36:56 Gambesons
36:32 Man-at-Arms
38:08 Long Swordsman
39:43 Fishing Lines
48:18 Imperial Age
46:40 Stone Shaft Mining
48:16 Caravan
48:34 Two-Handed Swordsman
49:46 Plate Mail Armor
50:16 Blast Furnace
Connection lost

Rejoining the realm…

Still unreachable

The connection could not be restored.

Session expired

The server has moved on; the page needs a fresh start.